 Dungeon Crawl Stone Soup version 0.22-a0-538-g76cc104 (webtiles) character file.

109 jamsan the Firebug (level 4, -3/25 HPs)
             Began as a Gargoyle Fire Elementalist on June 23, 2018.
             Killed from afar by an orc wizard (8 damage)
             ... with a magic dart
             ... on level 3 of the Dungeon.
             The game lasted 00:09:21 (2894 turns).

jamsan the Firebug (Gargoyle Fire Elementalist)     Turns: 2894, Time: 00:09:22

Health: -3/25      AC:  5    Str: 11    XL:     4   Next: 89%
Magic:  3/8        EV: 12    Int: 17    God:
Gold:   99         SH:  0    Dex: 10    Spells: 0/8 levels left

rFire    . . .     SeeInvis .   b - +0 dagger
rCold    . . .     Gourm    .   (no shield)
rNeg     + . .     Faith    .   a - +0 robe
rPois    ∞         Spirit   .   (no helmet)
rElec    +         Reflect  .   (no cloak)
rCorr    .         Harm     .   (no gloves)
MR       .....                  (no boots)
Stlth    ++........             (no amulet)
HPRegen  0.08/turn              (no ring)
MPRegen  0.11/turn              (no ring)

@: berserk cooldown, slowed, very slow
A: negative energy resistance 1, electricity resistance, unbreathing,
petrification resistance, rot immunity, AC +3
a: no special abilities


You were on level 3 of the Dungeon.
You were hungry.

You visited 1 branch of the dungeon, and saw 3 of its levels.

You collected 99 gold pieces.

Inventory:

Hand Weapons
 b - a +0 dagger (weapon)
Armour
 a - a +0 robe (worn)
Scrolls
 e - 8 scrolls of identify {unknown}
 f - 2 scrolls of fog
 h - a scroll of remove curse {unknown}
 i - 4 scrolls of teleportation {unknown}
 j - 3 scrolls of enchant armour {unknown}
 k - a scroll of blinking {unknown}
 l - a scroll of immolation {unknown}
Potions
 g - a potion of berserk rage
Comestibles
 c - 2 rations
 d - a chunk of flesh


   Skills:
 + Level 1.4 Fighting
 - Level 2.0 Dodging
 - Level 2.3 Stealth
 + Level 2.7 Spellcasting
 + Level 2.5 Conjurations
 + Level 3.7 Fire Magic


You couldn't memorise any spells.
You knew the following spells:

 Your Spells              Type           Power        Failure   Level  Hunger
a - Flame Tongue          Conj/Fire      ##...        4%          1    #......
b - Conjure Flame         Conj/Fire      ##......     16%         3    ###....
c - Sticky Flame          Conj/Fire      ##......     45%         4    #####..

Your spell library contained the following spells:

 Spells                   Type           Power        Failure   Level  Hunger
 Fireball                 Conj/Fire      ##........   80%         5    ######.
 Throw Flame              Conj/Fire      ##....       8%          2    ##.....
 Inner Flame              Hex/Fire       #.......     26%         3    ###....


Dungeon Overview and Level Annotations

Branches:
Dungeon (3/15)

Altars:
The Shining One


Innate Abilities, Weirdness & Mutations

You are resistant to torment.
Your stone body is resilient. (AC +3)
You are immune to poison.
You resist negative energy. (rN+)
You are resistant to electric shocks. (rElec)
You can survive without breathing.
You are immune to petrification.
You are immune to rotting.


Message History

* * * LOW HITPOINT WARNING * * *
Okay, then.
You're too confused!
You feel less confused. Something hits you.
* * * LOW HITPOINT WARNING * * *
As you read the scroll labeled GORAADOROLA, it crumbles to dust.
The scroll dissolves into smoke.
It was a scroll of fog.
Something hits you but does no damage. x2
Casting: Flame Tongue (safe; 4% risk of failure)
Confirm with . or Enter, or press ? or * to list all spells.
You don't have enough magic to cast that spell.
Casting: Flame Tongue (safe; 4% risk of failure)
Confirm with . or Enter, or press ? or * to list all spells.
You can't see any susceptible monsters within range! (Use Z to cast anyway.)
You miss something. Something hits you but does no damage.
You hear some strange, mumbled words.
A magic dart appears from out of thin air!
The magic dart hits you!
You die...

#####
#..####.#
...... ...#
#.# ######
##.# #.# .#
#.# o# .# #.#
$# .# #.# o#
#§# o# #§# .#
#@# .#
#{#########[#
#§§§..(((...#
#############


There were no monsters in sight!

Vanquished Creatures
  An orc priest (D:3)
  3 adders (D:2)
  A gnoll (D:1)
  A worm (D:2)
  2 leopard geckos
  An orc (D:3)
  5 giant cockroaches
  6 goblins
  3 hobgoblins (D:1)
  5 kobolds (D:1)
  A ball python (D:1)
  8 bats
  A frilled lizard (D:1)
  2 rats
40 creatures vanquished.

Notes
Turn   | Place    | Note
-------+----------+-------------------------------------------
     0 | D:1      | jamsan the Gargoyle Fire Elementalist began the quest for the Orb.
     0 | D:1      | Reached XP level 1. HP: 10/10 MP: 3/3
   408 | D:1      | Reached XP level 2. HP: 15/15 MP: 3/5
  1354 | D:1      | Reached XP level 3. HP: 19/19 MP: 3/6
  1359 | D:1      | Learned a level 3 spell: Conjure Flame
  1887 | D:2      | Reached XP level 4. HP: 7/24 MP: 1/7
  2230 | D:2      | Reached skill level 1 in Fighting
  2294 | D:2      | Learned a level 4 spell: Sticky Flame
  2353 | D:2      | Found a glowing golden altar of the Shining One.
  2894 | D:3      | Killed from afar by an orc wizard

Vault maps used:
D:1:      co_arrival_square_in_a_square_in_a_square
D:2:      overflow_temple_1_default
D:3:      led_sif_pool, first_ration

Skill      XL: |  1  2  3  4 |
---------------+-------------+-----
Dodging        | 2 |  2.0
Conjurations   | 2 |  2.5
Fighting       | 1 |  1.4
Stealth        | |  2.3
Spellcasting   | |  2.7
Fire Magic     | |  3.7

Action                   |  1- 3 |  4- 6 || total
-------------------------+-------+-------++-------
Melee: Dagger            |    69 |    40 ||   109
       Unarmed           |     8 |       ||     8
 Cast: Flame Tongue      |    40 |    16 ||    56
       Conjure Flame     |       |     1 ||     1
  Use: Scroll            |       |     1 ||     1
       Potion            |       |     1 ||     1
  Eat: Chunk             |     3 |       ||     3
       Ration            |       |     1 ||     1
Armor: Robe              |    31 |    26 ||    57
Dodge: Dodged            |    59 |    45 ||   104

Table legend:
 A = Spawn XP
 B = Non-spawn XP
 C = Spawn XP percentage of total XP
 D = Spawn monster count
 E = Non-spawn monster count
 F = Spawn count percentage of total count
 G = Total turns spent on level
                    A         B        C        D         E        F      G
               +---------+---------+-------+---------+---------+-------+---------
         Total |       0 |     156 |   0.0 |       0 |      40 |   0.0 |  2894
               +---------+---------+-------+---------+---------+-------+---------
           D:1 |       0 |      46 |   0.0 |       0 |      22 |   0.0 |  1415
           D:2 |       0 |      61 |   0.0 |       0 |      12 |   0.0 |  1215
           D:3 |       0 |      49 |   0.0 |       0 |       6 |   0.0 |   264
               +---------+---------+-------+---------+---------+-------+---------
